AoeStats
← zephyrutia

Arena

506574533Analyzed
3v3 RM · 19d ago on Sep 14, 2026· 52m 13s· 6 players
Game mode
Random Map
Map size
Normal (6 player)
Population
200
Speed
Normal
Resources
Standard
Victory
Conquest
Starting age
Dark Age
Ending age
Imperial Age
RankedLock teamsTeams togetherTeam positionsShared explorationLock speedFull tech treeHidden civsTurbo modeCheats
Victory
Defeat
🇲🇽 Magyars · Mexico
906
+15
🇭🇰 Franks · Hong Kong SAR China
863
+17
🇮🇳 Lithuanians · India
841
+17
🇳🇵 Vietnamese · Nepal
899
-48
🇳🇵 Bulgarians · Nepal
881
-42
🇺🇸 Goths · United States
858
-24
DreamedEagle635
0:28 Loom
12:34 Feudal Age
17:26 Castle Age
16:08 Horse Collar
16:17 Double-Bit Axe
23:13 Bloodlines
23:56 Forging
28:40 Town Watch
29:31 Wheelbarrow
33:44 Imperial Age
31:58 Fletching
32:15 Scale Barding Armor
32:47 Iron Casting
32:32 Husbandry
32:08 Pikeman
33:16 Ballistics
34:15 Chain Barding Armor
33:52 Bodkin Arrow
34:01 Squires
35:44 Chemistry
34:56 Fortified Wall
35:17 Conscription
35:47 Bow Saw
35:46 Heavy Plow
36:20 Murder Holes
35:49 Halberdier
38:26 Elite Leitis
41:10 Bracer
41:12 Scale Mail Armor
41:48 Plate Barding Armor
45:04 Chain Mail Armor
46:02 Padded Archer Armor
46:16 Masonry
46:47 Hoardings
46:40 Thumb Ring
47:47 Hill Forts
52:50 Leather Archer Armor
53:11 Architecture
53:17 Crop Rotation
53:52 Two-Man Saw
Cuidabichis
10:44 Feudal Age
11:05 Loom
15:07 Castle Age
13:21 Double-Bit Axe
13:46 Horse Collar
21:18 Town Watch
22:13 Scale Barding Armor
24:15 Wheelbarrow
24:17 Bow Saw
27:31 Bloodlines
27:39 Husbandry
27:46 Gold Mining
27:52 Stone Mining
29:37 Hand Cart
31:17 Chain Barding Armor
32:35 Gold Shaft Mining
35:03 Fletching
35:14 Padded Archer Armor
35:36 Ballistics
35:12 Murder Holes
38:17 Imperial Age
36:15 Thumb Ring
36:07 Bodkin Arrow
37:07 Town Patrol
38:33 Cavalier
39:49 Parthian Tactics
38:57 Heavy Cavalry Archer
40:21 Conscription
43:31 Bracer
43:47 Leather Archer Armor
47:26 Two-Man Saw
47:35 Hoardings
漂亮国五星上将艾森豪威尔下士
11:15 Feudal Age
12:05 Double-Bit Axe
15:59 Castle Age
19:17 Bow Saw
19:50 Gold Mining
24:09 Gold Shaft Mining
24:41 Wheelbarrow
28:51 Imperial Age
26:36 Stone Mining
27:10 Forging
27:24 Hand Cart
27:51 Scale Barding Armor
28:14 Town Watch
28:50 Husbandry
29:29 Iron Casting
29:15 Chain Barding Armor
29:35 Cavalier
30:30 Town Patrol
31:55 Paladin
33:39 Plate Barding Armor
34:11 Blast Furnace
35:49 Conscription
46:57 Hoardings
zephyrutia
6:51 Loom
9:56 Feudal Age
15:14 Castle Age
14:04 Double-Bit Axe
14:35 Horse Collar
17:38 Town Watch
25:46 Scale Mail Armor
27:12 Forging
28:07 Heavy Plow
30:34 Wheelbarrow
34:04 Imperial Age
32:08 Chain Mail Armor
31:56 Squires
32:56 Hand Cart
33:28 Iron Casting
34:21 Murder Holes
34:37 Anarchy
34:20 Pikeman
37:05 Gold Mining
38:33 Blast Furnace
41:45 Halberdier
43:07 Conscription
42:25 Elite Huskarl
Blast
4:36 Loom
10:55 Feudal Age
18:31 Castle Age
17:40 Fletching
19:45 Double-Bit Axe
23:57 Caravan
24:40 Scale Mail Armor
26:14 Forging
27:37 Iron Casting
28:05 Stone Mining
28:10 Gold Mining
29:00 Bodkin Arrow
29:30 Padded Archer Armor
31:08 Stone Shaft Mining
32:26 Leather Archer Armor
35:27 Imperial Age
33:11 Squires
34:06 Pikeman
35:29 Chain Mail Armor
35:32 Leather Archer Armor
35:30 Elite Rattan Archer
36:05 Horse Collar
37:08 Heavy Plow
37:21 Bow Saw
38:09 Paper Money
38:12 Bracer
40:11 Plate Mail Armor
40:13 Ring Archer Armor
39:53 Elite Fire Lancer
42:11 Two-Man Saw
46:03 Elite Skirmisher
47:46 Imperial Skirmisher
Magikarp
2:36 Loom
11:53 Feudal Age
16:25 Castle Age
15:45 Forging
22:41 Iron Casting
22:07 Scale Mail Armor
24:02 Stone Mining
24:32 Chain Mail Armor
24:43 Double-Bit Axe
26:34 Gambesons
26:49 Horse Collar
28:24 Wheelbarrow
28:15 Scale Barding Armor
30:42 Gold Mining
31:18 Chain Barding Armor
31:38 Squires
32:29 Pikeman
39:33 Imperial Age
37:49 Arson
40:06 Halberdier
42:56 Blast Furnace
42:26 Plate Mail Armor
42:32 Plate Barding Armor
41:21 Elite Konnik
42:40 Hand Cart
42:11 Town Watch
44:50 Town Watch
48:44 Stirrups
Connection lost

Rejoining the realm…

Still unreachable

The connection could not be restored.

Session expired

The server has moved on; the page needs a fresh start.